 Dungeon Crawl Stone Soup version 0.22.0-60-ga52c2fc (webtiles) character file.

235 shmeve the Skirmisher (level 5, 0/47 HPs)
             Began as a Draconian Berserker on Sept 10, 2018.
             Was a Priest of Trog.
             Slain by an elf zombie (2 damage)
             ... in an ossuary.
             The game lasted 00:03:56 (1858 turns).

shmeve the Skirmisher (Draconian Berserker)         Turns: 1858, Time: 00:03:57

Health: 0/47       AC:  5    Str: 20    XL:     5   Next: 76%
Magic:  5/5        EV: 13    Int:  8    God:    Trog [***...]
Gold:   116        SH:  0    Dex: 10    Spells: 4/4 levels left

rFire    . . .     SeeInvis .   a - +0 hand axe
rCold    . . .     Gourm    .   (no shield)
rNeg     . . .     Faith    .   (armour unavailable)
rPois    .         Spirit   .   (helmet restricted)
rElec    .         Reflect  .   (no cloak)
rCorr    .         Harm     .   (no gloves)
MR       .....                  (no boots)
Stlth    ++........             (no amulet)
HPRegen  0.15/turn              (no ring)
MPRegen  0.09/turn              (no ring)

@: berserk cooldown, slowed, very slow
A: unfitting armour, cold-blooded, AC +5
a: Berserk, Trog's Hand, Renounce Religion


You were in an ossuary.
You worshipped Trog.
Trog was most pleased with you.
You were not hungry.

You visited 1 branch of the dungeon, and saw 3 of its levels.
You also visited: Ossuary.

You collected 116 gold pieces.

Inventory:

Hand Weapons
 a - a +0 hand axe (weapon)
Scrolls
 d - a scroll of enchant weapon {unknown}
 e - 2 scrolls of identify {unknown}
 f - 3 scrolls of remove curse {unknown}
 h - 2 scrolls of amnesia {unknown}
 i - a scroll of fear {unknown}
Potions
 g - a potion of degeneration {unknown}
Comestibles
 b - 2 rations


   Skills:
 * Level 4.7 Fighting
 * Level 4.2 Axes
 * Level 3.8 Dodging
 + Level 2.0 Stealth


You had 4 spell levels left.
You didn't know any spells.
Your spell library was empty.

Dungeon Overview and Level Annotations

Branches:
Dungeon (4/15)
 Temple: D:4-7

Altars:
Ashenzari
Cheibriados
Sif Muna


Innate Abilities, Weirdness & Mutations

Your plain brown scales are hard. (AC +5)
You cannot fit into any form of body armour.
You are cold-blooded and may be slowed by cold attacks.


Message History

* * * LOW HITPOINT WARNING * * *
You hit the elf zombie.
The elf zombie is moderately damaged.
The elf zombie hits you but does no damage.
You hit the elf zombie.
The elf zombie is moderately damaged.
The elf zombie closely misses you. x2
You closely miss the elf zombie.
The elf zombie is moderately damaged.
The elf zombie hits you.
* * * LOW HITPOINT WARNING * * *
You hit the elf zombie.
Your tail-slap misses the elf zombie.
The elf zombie is moderately damaged.
The elf zombie barely misses you.
You completely miss the elf zombie.
The elf zombie is moderately damaged.
The elf zombie hits you.
* * * LOW HITPOINT WARNING * * *
The elf zombie hits you.
You die...

...................#
...................#
Z......8..8........#
...................#
..######..######...#
#..# #...# #..#
#...#
#.####..####.#...#
#........@Z..#...#
#.......####.#...#
#.......# #...#
#.......# #...#
#.....∩.# #...#
####+.... #...#
#...# #...# #...#
#...#
.##############...#


You could see an elf zombie.

Vanquished Creatures
  An elf zombie (Ossuary)
  A centaur zombie (Ossuary)
  An orc wizard (D:2)
  2 mummies (Ossuary)
  2 adders
  4 dart slugs
  3 leopard geckos
  2 orcs (D:2)
  A giant cockroach (D:2)
  A goblin (D:1)
  3 hobgoblins
  6 jackals
  3 kobolds (D:1)
  A ball python (D:4)
  2 bats
  A frilled lizard (D:2)
  A goblin zombie (Ossuary)
  9 hobgoblin zombies (Ossuary)
  2 jackal zombies (Ossuary)
  10 kobold zombies (Ossuary)
  A leopard gecko skeleton (D:4)
  9 orc zombies (Ossuary)
  A quokka skeleton (D:4)
  3 rats
  A rat zombie (Ossuary)
71 creatures vanquished.

Notes
Turn   | Place    | Note
-------+----------+-------------------------------------------
     0 | D:1      | shmeve the Draconian Berserker began the quest for the Orb.
     0 | D:1      | Reached XP level 1. HP: 19/19 MP: 1/1
   260 | D:1      | Reached XP level 2. HP: 17/26 MP: 2/2
   580 | D:1      | Found a shattered altar of Ashenzari.
  1189 | D:2      | Reached skill level 1 in Stealth
  1202 | D:2      | Reached XP level 3. HP: 25/33 MP: 3/3
  1436 | D:2      | Reached ** piety under Trog
  1444 | D:2      | Reached XP level 4. HP: 38/40 MP: 4/4
  1511 | D:2      | You fall through a shaft for 2 floors!
  1616 | D:4      | Found a deep blue altar of Sif Muna.
  1625 | D:4      | Found a snail-covered altar of Cheibriados.
  1666 | D:4      | Found a sand-covered staircase.
  1679 | Ossuary  | Entered an ossuary
  1792 | Ossuary  | Reached XP level 5. HP: 47/47 MP: 5/5
  1808 | Ossuary  | Reached *** piety under Trog
  1858 | Ossuary  | HP: 2/47 [elf zombie (2)]
  1858 | Ossuary  | Slain by an elf zombie

Skill      XL: |  1  2  3  4  5 |
---------------+----------------+-----
Dodging        | 3 |  3.8
Stealth        | 1 2 |  2.0
Fighting       | 4 |  4.7
Axes           | 4 |  4.2

Action                   |  1- 3 |  4- 6 || total
-------------------------+-------+-------++-------
Melee: Hand axe          |    63 |   125 ||   188
       Tailslap          |     8 |    14 ||    22
Invok: Berserk           |       |     2 ||     2
       Trog's Hand       |       |     2 ||     2
  Eat: Chunk             |     2 |     1 ||     3
       Ration            |       |     1 ||     1
Armor: Skin              |    31 |    38 ||    69
Dodge: Dodged            |    77 |    98 ||   175
